 Dungeon Crawl Stone Soup version 0.23.2-40-g277498a001 (webtiles) character file.

Game seed: 519838082707530134

2334 Emblim88 the Fighter (level 9, -6/82 HPs)
             Began as a Minotaur Monk on Oct 19, 2019.
             Was a Believer of Qazlal.
             Mangled by an orc warrior
             ... wielding a +0 flail
              (13 damage)
             ... on level 6 of the Dungeon.
             The game lasted 00:10:02 (7901 turns).

Emblim88 the Fighter (Minotaur Monk)                Turns: 7901, Time: 00:10:03

Health: -6/82      AC:  9    Str: 19    XL:     9   Next: 19%
Magic:  11/11      EV: 10    Int:  8    God:    Qazlal [**....]
Gold:   91         SH:  2    Dex: 12    Spells: 8/8 levels left

rFire    + . .     SeeInvis .   a - +1 falchion
rCold    . . .     Gourm    .   (no shield)
rNeg     . . .     Faith    .   j - +0 chain mail
rPois    .         Spirit   .   (helmet restricted)
rElec    .         Reflect  .   (no cloak)
rCorr    .         Harm     .   (no gloves)
MR       +....                  u - +0 pair of boots
Stlth    ..........             (no amulet)
HPRegen  0.23/turn              f - ring of stealth
MPRegen  0.12/turn              B - ring of protection from magic

@: no status effects
A: retaliatory headbutt, horns 2, fire resistance 1, wild magic 1
a: Upheaval, Renounce Religion


You were on level 6 of the Dungeon.
You worshipped Qazlal.
Qazlal was pleased with you.
You were not hungry.

You visited 2 branches of the dungeon, and saw 8 of its levels.
You also visited: Sewer.

You collected 291 gold pieces.
You spent 200 gold pieces at shops.

Inventory:

Hand Weapons
 a - a +1 falchion (weapon)
 v - a +2 war axe of venom
Armour
 j - a +0 chain mail (worn)
 u - a +0 pair of boots (worn)
Jewellery
 d - an uncursed ring of protection from cold
 f - a ring of stealth (left hand)
 l - an uncursed ring of positive energy
 B - a ring of protection from magic (right hand)
Wands
 g - a wand of digging (3)
 t - a wand of clouds (4)
Scrolls
 b - a scroll of fear {unknown}
 e - 2 scrolls of teleportation
 h - 2 scrolls of random uselessness
 k - a scroll of blinking
 m - a scroll of remove curse
 o - a scroll of enchant weapon
 q - 5 scrolls of identify
 r - a scroll of brand weapon
 s - a scroll of noise {unknown}
 w - a scroll of amnesia {unknown}
 y - a scroll of magic mapping
Potions
 n - 10 potions of curing
 p - 2 potions of brilliance
 x - a potion of ambrosia {unknown}
 A - a potion of flight
Comestibles
 c - 6 rations


   Skills:
 + Level 8.3 Fighting
 + Level 8.3 Long Blades
 + Level 7.6 Dodging
 - Level 1.5 Stealth
 * Level 3.1 Invocations
 - Level 4.1 Evocations


You had 8 spell levels left.
You didn't know any spells.
Your spell library was empty.

Dungeon Overview and Level Annotations

Branches:
Dungeon (7/15)             Temple (1/1) D:6

Altars:
Ashenzari
Cheibriados
Dithmenos
Fedhas
Gozag
Hepliaklqana
Kikubaaqudgha
Nemelex Xobeh
Okawaru
Qazlal
Sif Muna
Trog
Uskayaw
Vehumet
Wu Jian
Xom
Zin
The Shining One

Shops:
D:4 ?   D:5 (

Annotations:
D:3 exclusion: oklob plant


Innate Abilities, Weirdness & Mutations

You reflexively headbutt those who attack you in melee.
You have a pair of horns on your head.
Your flesh is heat resistant. (rF+)
Your spells are a little harder to cast, but a little more powerful.


Message History

The orc warrior hits you with a +0 flail!
You hit the orc warrior.
The orc warrior is almost dead.
You block the orc warrior's attack.
You hit the orc warrior but do no damage.
Your headbutt misses the orc warrior.
The orc warrior is almost dead.
You hit the orc warrior but do no damage.
The orc warrior is almost dead.
The orc warrior hits you with a +0 flail!
* * * LOW HITPOINT WARNING * * *
You barely miss the orc warrior.
The orc warrior is almost dead.
The orc warrior hits you with a +0 flail!
* * * LOW HITPOINT WARNING * * *
You closely miss the orc warrior.
You headbutt the orc warrior, but do no damage.
The orc warrior is almost dead.
The orc warrior hits you with a +0 flail!
You die...

#### ...##### .......#
.....#†#############
#.##.#..........@..##
..##.############o..####
#.##.# #.........<..#
#.##.######.####.###.#.#
#...#.........#.## ##..#
#.##.######.#.#.# #..#
#.##.######.#.#.## ##..#
.^.......†.)..##.###.#.#
....[....)..#.###...##.#


You could see an orc warrior.

Vanquished Creatures
  Joseph (D:7)
  A hippogriff (D:6)
  An orc warrior (D:6)
  An ice beast (D:6)
  A black bear (D:7)
  An ogre (D:3)
  A phantom (D:2)
  2 centaurs (D:7)
  A big kobold (Sewer)
  4 bullfrogs
  3 scorpions
  A howler monkey (D:6)
  A crimson imp (D:7)
  A bullfrog zombie (D:6)
  A centaur zombie (D:5)
  2 bullfrog skeletons
  3 hounds
  A jelly (D:5)
  3 orc wizards (D:6)
  A centaur skeleton (D:7)
  Jessica (D:2)
  An iguana (D:7)
  4 worker ants
  A hound skeleton (D:5)
  5 adders
  A shadow imp (D:7)
  6 oozes
  2 dart slugs (D:2)
  3 leopard geckos
  14 orcs
  11 bats
  3 giant cockroaches
  6 goblins
  8 hobgoblins
  9 jackals
  19 kobolds
  2 quokkas
  4 ball pythons
  7 frilled lizards
  7 rats
145 creatures vanquished.

Notes
Turn   | Place    | Note
-------+----------+-------------------------------------------
     0 | D:1      | Emblim88 the Minotaur Monk began the quest for the Orb.
     0 | D:1      | Reached XP level 1. HP: 19/19 MP: 0/0
   138 | D:1      | Reached XP level 2. HP: 27/27 MP: 1/1
  1168 | D:2      | Reached XP level 3. HP: 33/33 MP: 2/2
  1305 | D:2      | Noticed Jessica
  1307 | D:2      | Gained mutation: You have large cloven feet. [potion of
                  | mutation]
  1307 | D:2      | Gained mutation: Your movements are slightly less
                  | encumbered by armour. (ER -2) [potion of mutation]
  1307 | D:2      | Gained mutation: You are resistant to hostile enchantments.
                  | (MR+) [potion of mutation]
  1311 | D:2      | Killed Jessica
  1313 | D:2      | Reached XP level 4. HP: 29/41 MP: 3/3
  1589 | D:2      | Noticed a phantom
  1619 | D:2      | Killed a phantom
  1619 | D:2      | Reached skill level 5 in Fighting
  1619 | D:2      | Reached skill level 5 in Long Blades
  1619 | D:2      | Reached XP level 5. HP: 15/48 MP: 4/4
  2750 | D:3      | Noticed an ogre
  2756 | D:3      | Killed an ogre
  2756 | D:3      | Reached skill level 5 in Dodging
  2756 | D:3      | Reached skill level 1 in Evocations
  2756 | D:3      | Reached XP level 6. HP: 29/56 MP: 5/5
  3127 | D:3      | Found a blossoming altar of Fedhas.
  3151 | D:3      | Noticed an oklob plant
  3427 | D:4      | Found a shattered altar of Ashenzari.
  3448 | D:4      | Lost mutation: Your movements are slightly less encumbered
                  | by armour. (ER -2) [potion of mutation]
  3448 | D:4      | Lost mutation: You have large cloven feet. [potion of
                  | mutation]
  3448 | D:4      | Lost mutation: You are resistant to hostile enchantments.
                  | (MR+) [potion of mutation]
  3448 | D:4      | Gained mutation: Your spells are a little harder to cast,
                  | but a little more powerful. [potion of mutation]
  3448 | D:4      | Gained mutation: Your flesh is heat resistant. (rF+)
                  | [potion of mutation]
  3496 | D:4      | Found a hide-covered altar of Uskayaw.
  3892 | D:4      | Found a sparkling altar of Nemelex Xobeh.
  4075 | D:4      | Found Foygepur's Magic Scroll Boutique.
  4097 | D:4      | Bought a scroll of brand weapon for 200 gold pieces
  4173 | D:5      | Entered Level 5 of the Dungeon
  4225 | D:5      | Reached XP level 7. HP: 62/63 MP: 7/7
  4621 | D:5      | Found a glowing golden altar of the Shining One.
  5003 | D:5      | Found Eduyrpho's Weapon Shoppe.
  5006 | D:5      | Found a shimmering altar of Xom.
  5668 | D:6      | Found a glowing drain.
  5673 | Sewer    | Entered a sewer
  6350 | D:6      | Reached XP level 8. HP: 52/71 MP: 9/9
  6453 | D:6      | Noticed a hippogriff
  6470 | D:6      | Killed a hippogriff
  6846 | D:6      | Found an ancient bone altar of Kikubaaqudgha.
  6872 | D:6      | Found a staircase to the Ecumenical Temple.
  7006 | Temple   | Entered the Ecumenical Temple
  7232 | Temple   | Became a worshipper of Qazlal Stormbringer
  7232 | Temple   | Reached * piety under Qazlal
  7232 | Temple   | Reached ** piety under Qazlal
  7489 | D:7      | Noticed Joseph
  7497 | D:7      | Reached skill level 1 in Invocations
  7502 | D:7      | Killed Joseph
  7502 | D:7      | Reached XP level 9. HP: 77/81 MP: 11/11
  7887 | D:6      | HP: 1/82 [orc warrior/+0 flail (21)]
  7901 | D:6      | Mangled by an orc warrior

Skill      XL: |  1  2  3  4  5  6  7  8  9 |
---------------+----------------------------+-----
Fighting       | 4 5 6 8 |  8.3
Long Blades    | 4 5 6 8 |  8.3
Dodging        | 4 5 6 7 |  7.6
Evocations     | 1 2 3 4 |  4.1
Invocations    | 2 3 |  3.1
Stealth        | |  1.5

Action                   |  1- 3 |  4- 6 |  7- 9 || total
-------------------------+-------+-------+-------++-------
Melee: Falchion          |    57 |    98 |   276 ||   431
       Headbutt          |     8 |    15 |    67 ||    90
       Kick              |     1 |     9 |       ||    10
       War axe           |       |    34 |       ||    34
  Use: Potion            |     1 |     6 |     8 ||    15
       Scroll            |       |     7 |       ||     7
 Stab: Sleeping          |     1 |       |       ||     1
  Eat: Ration            |     1 |     2 |     3 ||     6
       Chunk             |       |       |     2 ||     2
Armor: Robe              |     2 |       |       ||     2
       Chain mail        |    26 |    68 |   150 ||   244
       Ring mail         |     5 |       |       ||     5
Dodge: Dodged            |    33 |    72 |   138 ||   243
Block: Other             |       |       |     9 ||     9
       Rpst.: Falchion   |     7 |    14 |    37 ||    58
